Map: Lerilak Crest

Players

Neeblet (Neeb) - Winner!

  • Race: Protoss Protoss
  • League: Grandmaster

Dayshi

  • Race: Terran Terran
  • League: Grandmaster

Event: DreamHack ZOWIE Open Leipzig

VOD

Have the link to the VOD?

Description

Time

  • Played on: Jan. 22, 2016, 12:03 p.m.
  • Length: 7:54

All games in this series

Show
View Real Time Build Order
Export as new Build Order

Neeblet Protoss - Winner!

Build Orders: 1 Gate Expand 

Get SALT Encoding   

  12  0:01  Probe (Chrono Boost)  
  13  0:11  Probe (Chrono Boost)  
  14  0:19  Pylon  
  14  0:22  Probe (Chrono Boost)  
  15  0:37  Probe (Chrono Boost)  
  15  0:38  Gateway  
  16  0:47  Probe (Chrono Boost)  
  17  0:58  Probe (Chrono Boost)  
  17  0:59  Assimilator  
  18  1:08  Probe (Chrono Boost)  
  19  1:19  Nexus  
  19  1:28  Cybernetics Core  
  19  1:31  Probe (Chrono Boost)  
  20  1:37  Assimilator  
  20  1:41  Probe (Chrono Boost)  
  20  1:46  Pylon  
  21  1:52  Probe (Chrono Boost)  
  22  2:02  Probe (Chrono Boost)  
  22  2:05  Adept (Chrono Boost)  
  22  2:06  Warp Gate (Chrono Boost)  
  25  2:14  Probe  
  26  2:26  Mothership Core (Chrono Boost)  
  26  2:29  Adept (Chrono Boost)  
  30  2:31  Probe (Chrono Boost)  
  31  2:42  Probe (Chrono Boost)  
  32  2:45  Probe (Chrono Boost)  
  32  2:48  Robotics Facility  
  33  2:52  Probe (Chrono Boost)  
  33  2:56  Probe (Chrono Boost)  
  35  3:03  Probe (Chrono Boost)  
  36  3:06  Probe (Chrono Boost)  
  36  3:07  Gateway  
  36  3:10  Gateway  
  37  3:13  Probe (Chrono Boost)  
  37  3:17  Probe (Chrono Boost)  
  39  3:22  Probe (Chrono Boost)  
  40  3:28  Probe, Pylon  
  40  3:33  Probe, Pylon  
  41  3:38  Observer  
  41  3:40  Probe  
  44  3:46  Probe  
  45  3:51  Assimilator  
  45  3:52  Probe  
  45  3:53  Pylon  
  44  3:57  Observer  
  44  3:58  Probe  
  46  4:04  Stalker x3, Probe  
  50  4:10  Probe  
  50  4:13  Immortal  
  50  4:16  Probe  
  49  4:22  Probe  
  52  4:28  Probe  
  53  4:32  Sentry  
  53  4:37  Gateway  
  55  4:42  Gateway  
  55  4:47  Stalker  
  55  4:48  Stalker  
  59  4:53  Stalker  
  61  5:10  Pylon  
  61  5:11  Stalker x2  
  65  5:15  Warp Prism  
  63  5:29  Stalker  
  63  5:34  Stalker  
  67  5:44  Stalker  
  67  5:45  Stalker x2  
  69  5:53  Pylon  
  69  5:54  Pylon  
  69  5:55  Stalker  
  68  5:57  Stalker  
  70  6:09  Adept x2  
  74  6:13  Probe  
  74  6:25  Adept  
  74  6:26  Adept  
  74  6:27  Adept  
  74  6:31  Probe x2, Immortal  
  80  6:38  Assimilator  
  83  6:43  Probe x2  
  85  6:48  Stalker x2  
  89  6:55  Probe x2  
  89  7:07  Probe x2  
  91  7:08  Adept  
  91  7:11  Twilight Council  
  91  7:13  Forge  
  91  7:14  Observer, Pylon  
  93  7:19  Probe  
  93  7:21  Probe  
  86  7:31  Probe  
  86  7:32  Stalker  
  86  7:33  Stalker x2  
  91  7:39  Probe  
  84  7:51  Adept x2  
Show
View Real Time Build Order
Export as new Build Order

Dayshi Terran 

Build Orders: 1/1/1, Liberator Opening 

Get SALT Encoding   

  12  0:00  SCV  
  13  0:12  SCV  
  14  0:17  Supply Depot  
  14  0:25  SCV  
  14  0:27  Refinery  
  15  0:38  SCV  
  16  0:44  Barracks  
  16  0:51  SCV  
  17  1:00  Refinery  
  17  1:03  SCV  
  18  1:15  SCV  
  19  1:31  Orbital Command  
  19  1:32  Barracks Reactor  
  19  1:36  Factory  
  19  1:41  Supply Depot  
  19  1:57  SCV  
  20  2:08  Marine x2  
  21  2:09  SCV  
  23  2:21  SCV, Starport  
  24  2:24  Hellion  
  24  2:28  Marine x2  
  28  2:35  Supply Depot  
  28  2:39  SCV  
  29  2:48  Marine x2  
  31  2:57  Hellion, Medivac  
  35  3:05  Marine x2  
  37  3:13  Supply Depot  
  37  3:17  Liberator  
  37  3:18  Hellion  
  39  3:34  Marine x2  
  39  3:40  Factory Tech Lab  
  42  3:55  Command Center  
  42  4:02  SCV, Marine  
  42  4:03  Marine  
  42  4:06  Liberator  
  44  4:10  Siege Tank  
  44  4:18  SCV  
  40  4:38  Marine x2  
  42  4:42  Siege Tank  
  45  4:50  Liberator  
  45  4:56  Marine x2  
  47  5:07  SCV, Orbital Command  
  47  5:11  Bunker  
  51  5:15  Siege Tank  
  51  5:16  Supply Depot  
  51  5:17  Marine  
  55  5:23  Marine  
  55  5:27  SCV  
  54  5:35  Marine  
  54  5:39  SCV  
  54  5:40  Marine  
  57  5:47  Siege Tank  
  57  5:48  SCV  
  58  5:51  SCV  
  58  5:53  Marine  
  60  5:58  Marine  
  60  6:04  SCV, Liberator  
  62  6:11  Marine  
  62  6:13  SCV  
  62  6:16  SCV, Marine  
  69  6:27  Siege Tank  
  69  6:28  SCV, Refinery, Engineering Bay  
  73  6:38  SCV  
  76  6:40  SCV  
  75  6:51  SCV, Barracks Tech Lab, Barracks, Supply Depot  
  75  6:52  SCV  
  76  6:57  Barracks  
  70  7:03  SCV  
  70  7:06  SCV  
  67  7:15  SCV  
  60  7:18  SCV  
  51  7:25  Marine  
  51  7:27  SCV  
  48  7:30  SCV  
  41  7:39  SCV  
  41  7:42  SCV  

Tags
 
Add a new tag
Caveats
  • Supply blocks, unpowered buildings, or Contaminate may cause inaccurate times.
  • Supply counts are checked every 10 seconds.